[Event "Late-Titled-Tuesday-Blitz-January-30-2024"]
[Site "Chess.com"]
[Date "2024.01.30"]
[Round "2"]
[White "familijatop71"]
[Black "LastHeroJr"]
[Result "0-1"]
[WhiteElo "2222"]
[BlackElo "2501"]
[TimeControl "180+1"]
[EndTime "14:18:05 PST"]
[Termination "LastHeroJr won on time"]

1. e4 d6 2. d4 g6 3. Nc3 a6 4. f4 b5 5. Nf3 Bb7 6. Bd3 Bg7 7. Qe2 b4 8. Nd1 Nf6 9. O-O O-O 10. e5 Nd5 11. Nf2 e6 12. Ne4 Qe7 13. c4 bxc3 14.
bxc3 Nd7 15. Ba3 f5 16. exd6 cxd6 17. Bxd6 Qe8 18. Bxf8 Bxf8 19. Neg5 Nxf4 20. Qe3 Nxd3 21. Qxd3 h6 22. Nh3 Bd6 23. Rab1 Be4 24. Qd2 Bxb1 25.
Rxb1 Kg7 26. c4 Rb8 27. Rxb8 Qxb8 28. c5 Bc7 29. c6 Nf6 30. Nf2 Nd5 31. Nd3 Qb1+ 32.
Kf2 Qb5 33. Nde5 Bb6 34. h4 Qa4 35. h5 g5 36. Nxg5 Qxd4+ 37. Qxd4 Bxd4+ 38. Ke2 hxg5 39. Nd7 Kh6 40. Kd3 Bg1 41. Kc4 Kxh5 42. Nf6+ Kg6 43. Ne8 Kf7 44. c7 Nxc7 45. Nxc7 a5 46. Nb5 f4 0-1

[Event "Late-Titled-Tuesday-Blitz-January-30-2024"]
[Site "Chess.com"]
[Date "2024.01.30"]
[Round "2"]
[White "akanga001"]
[Black "topalovkramnik"]
[Result "0-1"]
[WhiteElo "1974"]
[BlackElo "2437"]
[TimeControl "180+1"]
[EndTime "14:18:06 PST"]
[Termination "topalovkramnik won on time"]

1. d4 d5 2. c4 e6 3. e3 Nf6 4. Qc2 Be7 5. Nf3 O-O 6. Nc3 a6 7. cxd5 exd5 8. Bd3 Be6 9. O-O h6 10. b3 Nbd7 11. Bb2 Rc8 12. Qe2 c5 13. Rfd1 Qb6 14. Rac1 Rfd8 15. Na4 Qa7 16. dxc5 Nxc5 17. Nxc5 Bxc5 18.
Nd4 Be7 19. Bb1 Qb6 20. Qd3 Ne4 21.
f3 Nf6 22. Ne2 Bc5 23. Bxf6 gxf6 24. Nd4 f5 25. g4 Bxd4 26. exd4 Rxc1 27. Rxc1 fxg4 28.
Qh7+ Kf8 29. Qxh6+ Ke8 30. Qh8+ Ke7 31. Qh4+ Kd7 32.
Rc5 Qb4 33. Qf2 gxf3 34. Bd3 Rg8+ 35. Kh1 Qa3 36. Qxf3 Qxa2 37. Rxd5+ Bxd5 38. Qxd5+ Kc8 39. Bf1 Qf2 40. Qc4+ Kb8 0-1

[Event "Late-Titled-Tuesday-Blitz-January-30-2024"]
[Site "Chess.com"]
[Date "2024.01.30"]
[Round "2"]
[White "SHIVACalypso"]
[Black "The_Machine04"]
[Result "1/2-1/2"]
[WhiteElo "2456"]
[BlackElo "2728"]
[TimeControl "180+1"]
[EndTime "14:18:08 PST"]
[Termination "Game drawn - insufficient material"]

1. Nf3 Nf6 2. c4 e6 3. g3 d5 4.
Bg2 dxc4 5. Qa4+ Bd7 6. Qxc4 c5 7. Ne5 Qc8 8. O-O Nc6 9. Nxd7 Qxd7 10. b3 Be7 11.
Bb2 O-O 12. e3 Rfd8 13. Rd1 Rac8 14. d3 Nd5 15. a3 Na5 16. Qc2 Qb5 17. Nd2 Nf6 18.
Bf1 Qd7 19. Nc4 Nc6 20. Rac1 b5 21. Nd2 a6 22. Qb1 Bf8 23. Qa1 Nd5 24. Ne4 Na5 25. Qa2 f5 26. Nc3 Qf7 27. e4 Nf6 28. e5 Nd5 29. Nxd5 Rxd5 30. Bg2 Rdd8 31. d4 cxd4 32. Rxc8 Rxc8 33. Bxd4 Qe7 34. b4 Nc4 35. Bc5 Qc7 36.
Bxf8 Rxf8 37. a4 Qxe5 38. axb5 axb5 39. Qa7 h6 40. Rd7 Kh8 41. Bf1 f4 42. Qc5 Qxc5 43. bxc5 fxg3 44. hxg3 Rc8 45. Re7 Rxc5 46. Rxe6 Kg8 47.
Re8+ Kf7 48. Rb8 Kf6 49. Rb7 h5 50. Kg2 g5 51. Be2 g4 52. Bd3 Nd6 53. Rb6 Ke5 54. Kf1 Rc1+ 55. Ke2 Rc5 56. Rb8 Kd4 57. Rd8 Re5+ 58.
Kd2 Rd5 59. Kc2 Nc4 60. Rxd5+ Kxd5 61. Bg6 Ne5 62. Bxh5 Ke4 63. Kc3 Kf3 64. Kb4 Kxf2 65. Kxb5 Kxg3 66. Bxg4 1/2-1/2

[Event "Late-Titled-Tuesday-Blitz-January-30-2024"]
[Site "Chess.com"]
[Date "2024.01.30"]
[Round "2"]
[White "Oleksandr_Bortnyk"]
[Black "M1711"]
[Result "1-0"]
[WhiteElo "3101"]
[BlackElo "2670"]
[TimeControl "180+1"]
[EndTime "14:18:09 PST"]
[Termination "Oleksandr_Bortnyk won on time"]

1. e4 e5 2. Bc4 Nf6 3. d3 c6 4. Nf3 d5 5. Bb3 Bb4+ 6. Bd2 Bxd2+ 7. Qxd2 O-O 8. exd5 cxd5 9. Nxe5 Re8 10. d4 Nc6 11. O-O Nxe5 12. dxe5 Rxe5 13. Nc3 Bf5 14. Rfe1 Rxe1+ 15.
Rxe1 d4 16. Nb5 d3 17. cxd3 Qxd3 18. Qxd3 Bxd3 19. Nd6 Bg6 20. Nxb7 Kf8 21. f3 Rc8 22. Kf2 h5 23. Re5 Bc2 24. Rc5 Rxc5 25. Nxc5 Bxb3 26. Nxb3 Ke7 27. Nd4 Nd5 28. Nc6+ Kd6 29. Nxa7 Nb4 30.
a3 Nd3+ 31. Kg3 Nxb2 32. Kh4 Nd3 33. a4 Kc5 34. a5 Kb4 35. Nc6+ Kb5 36. Nd8 f6 37.
Ne6 g6 38. Nf8 Nf4 39. Nxg6 Nxg6+ 40. Kxh5 Nf4+ 41. Kg4 Nxg2 42. h4 Ne3+ 43. Kf4 Ng2+ 44. Kg3 Ne3 45. h5 Nf5+ 46. Kf4 Nh6 47. Ke4 Kxa5 48. Kd5 Kb5 49. Ke6 Kc5 50. Kxf6 Kd6 51.
Kg6 Ng8 52. h6 Ke6 53. h7 Ne7+ 54. Kg5 Nd5 55. h8=Q 1-0

[Event "Late-Titled-Tuesday-Blitz-January-30-2024"]
[Site "Chess.com"]
[Date "2024.01.30"]
[Round "2"]
[White "JSPrepz"]
[Black "Bryanl106"]
[Result "1-0"]
[WhiteElo "2857"]
[BlackElo "2572"]
[TimeControl "180+1"]
[EndTime "14:18:09 PST"]
[Termination "JSPrepz won by checkmate"]

1. e4 e5 2. Nf3 Nc6 3. Nc3 Nf6 4. a3 d5 5. Bb5 Nxe4 6. Nxe5 Qf6 7.
Nf3 Bc5 8. O-O Nxc3 9. dxc3 Be6 10.
Bg5 Qg6 11. Bf4 O-O 12. Bxc7 a6 13. Bd3 Qf6 14. Bg3 h6 15. h3 Rfe8 16. Kh2 Bf5 17.
Qd2 Be4 18. Ng1 Bd6 19. Bxe4 Rxe4 20. Qxd5 Bxg3+ 21. fxg3 Qg6 22. Rxf7 Re5 23. Rf6+ Rxd5 24. Rxg6 Rd2 25. Re1 Rxc2 26. Re2 Rxe2 27. Nxe2 Rd8 28. Nf4 Rd2 29. g4 Ne7 30. Re6 Kf7 31. Re2 Rd1 32. Rf2 Kg8 33. h4 Nc6 34. Re2 Kf7 35.
h5 Rf1 36. Ng6 Kf6 37. c4 Kg5 38. Kg3 Rc1 39. Ne5 Nd4 40. Rf2 Ne2+ 41. Rxe2 Kf6 42. Nd7+ Kf7 43. Re3 a5 44. Ne5+ Kf6 45. b3 a4 46.
bxa4 Rb1 47. a5 Rb2 48. Nd7+ Kf7 49. Nc5 Kg8 50. Rb3 Rc2 51. Nxb7 Rxc4 52. a6 Ra4 53. Nc5 Ra5 54. Rc3 Kh7 55. Kf4 Kg8 56. Ke5 Kf7 57. Kd6 Kf6 58. Kc6 Kg5 59. Kb6 Kh4 60. Kxa5 g5 61. a7 Kxg4 62. a8=Q Kh4 63. Rh3+ Kg4 64. Qf3# 1-0

[Event "Late-Titled-Tuesday-Blitz-January-30-2024"]
[Site "Chess.com"]
[Date "2024.01.30"]
[Round "2"]
[White "farzadbfd"]
[Black "alexgo05"]
[Result "1-0"]
[WhiteElo "2680"]
[BlackElo "2363"]
[TimeControl "180+1"]
[EndTime "14:18:09 PST"]
[Termination "farzadbfd won by resignation"]

1. d4 Nf6 2. Nf3 c6 3. c4 b5 4. c5 d6 5. cxd6 exd6 6. Bg5 h6 7. Bh4 g5 8. Bg3 Nh5 9. e3 Bg7 10. Bd3 Na6 11. Nc3 Nxg3 12. hxg3 Qa5 13. O-O b4 14.
Ne4 Qd5 15. Qa4 O-O 16. Ned2 Nc5 17. dxc5 Qxd3 18. Qxc6 Ba6 19. Rfd1 dxc5 20. Qxc5 Bxb2 21. Rab1 Bc3 22. Qc6 Kg7 23. Ne4 Qc4 24. Qxc4 Bxc4 25. a3 a5 26. Nxc3 bxc3 27. Rdc1 Rab8 28. Rxb8 Rxb8 29.
Rxc3 Rb1+ 30. Kh2 Bd5 31. Nd4 a4 32. g4 Kf6 33. Kg3 Ke5 34. Rc5 Ra1 35. Nc2 Kd6 36. Rxd5+ Kxd5 37. Nxa1 Kc4 38. Nc2 Kb3 39. Nd4+ Kxa3 40. Kf3 Kb2 41. Ke2 a3 42. Kd2 a2 43.
Nc2 Kb1 44. f3 Kb2 45. g3 Kb3 46. f4 Kb2 47. Kd3 Kb3 48. e4 Kb2 49. e5 Kc1 50. f5 1-0

[Event "Late-Titled-Tuesday-Blitz-January-30-2024"]
[Site "Chess.com"]
[Date "2024.01.30"]
[Round "2"]
[White "aghasiyevkamal"]
[Black "shimastream"]
[Result "1-0"]
[WhiteElo "2645"]
[BlackElo "3009"]
[TimeControl "180+1"]
[EndTime "14:18:11 PST"]
[Termination "aghasiyevkamal won by resignation"]

1. d4 b6 2. e4 Bb7 3. Bd3 e6 4. Nf3 c5 5. c3 Nf6 6. Qe2 d5 7. exd5 Nxd5 8. O-O Be7 9. a3 cxd4 10. cxd4 O-O 11.
Nc3 Nd7 12. Ba6 Bxa6 13. Qxa6 N7f6 14. Bg5 Qc8 15. Qd3 Qb7 16. Ne5 Rac8 17. Rac1 Nxc3 18.
Rxc3 Rxc3 19. bxc3 Bxa3 20. c4 Be7 21. Rb1 Rd8 22. h3 h6 23. Be3 Nd7 24. Nf3 Bf6 25. Qb3 Qc7 26. Qa4 Rc8 27. Qa6 Nb8 28. Qa4 Qd7 29. Qa2 Nc6 30. Qa4 Rd8 31. Rd1 Ne5 32. Qxd7 Nxf3+ 33. gxf3 Rxd7 34. Kf1 Kh7 35. f4 Kg6 36. Ke2 Kf5 37. Kd3 g5 38. fxg5 hxg5 39. Rb1 Rd8 40. Rb5+ Kg6 41. Ke4 Rh8 42. c5 Rh4+ 43. Kd3 Bd8 44. c6 a6 45. Rb1 Rxh3 46. d5 exd5 47. Kd4 Rh4+ 48. Kxd5 b5 49. Kd6 Rc4 50.
Kd7 Ba5 51. Ra1 Ra4 52. Rxa4 bxa4 53. Bd2 Bb6 54. Be3 Ba5 55. Bd2 a3 56. Bxa5 a2 57.
Bc3 1-0

[Event "Late-Titled-Tuesday-Blitz-January-30-2024"]
[Site "Chess.com"]
[Date "2024.01.30"]
[Round "2"]
[White "NovakRatko"]
[Black "Kildepiotr"]
[Result "0-1"]
[WhiteElo "2404"]
[BlackElo "2689"]
[TimeControl "180+1"]
[EndTime "14:18:11 PST"]
[Termination "Kildepiotr won on time"]

1. d4 c5 2. dxc5 e6 3. Be3 Na6 4. a3 Nxc5 5. b4 Ne4 6. Qc1 d5 7. f3 Qh4+ 8. g3 Nxg3 9. hxg3 Qxh1 10. Kf2 Nf6 11. c4 Bd6 12. Bg2 Qh2 13. Bf4 Bxf4 14. Qxf4 O-O 15. Nc3 dxc4 16. Qxc4 Bd7 17. Nh3 Rac8 18.
Qb3 e5 19. Rh1 Qxh1 20. Bxh1 Bxh3 21. g4 Bxg4 22. fxg4 Nxg4+ 23. Kg3 Nf6 24. Bxb7 Rc7 25. Bd5 Rd8 26. e4 h6 27. Nb5 Rc1 28. Bxf7+ Kh7 29. Bd5 Nh5+ 30. Kg4 Nf4 31. Qb2 Rg1+ 32. Kf3 Rf8 33. Qh2 Nxd5+ 34. Ke2 Rg2+ 35. Qxg2 Nf4+ 36. Kf3 Nxg2+ 37. Kxg2 a6 38. Nc7 Rf6 39. Nd5 Rc6 40.
a4 g5 41. b5 axb5 42. axb5 Rc2+ 43. Kg3 Kg6 44. b6 Rb2 45. Kf3 h5 46. Ne7+ Kf7 47.
Nd5 Rb3+ 48. Ke2 g4 49. Kd2 g3 50. Ke2 h4 0-1

[Event "Late-Titled-Tuesday-Blitz-January-30-2024"]
[Site "Chess.com"]
[Date "2024.01.30"]
[Round "2"]
[White "ilya2700"]
[Black "jaskol95"]
[Result "0-1"]
[WhiteElo "2312"]
[BlackElo "2537"]
[TimeControl "180+1"]
[EndTime "14:18:11 PST"]
[Termination "jaskol95 won on time"]

1. e4 e6 2. d4 d5 3. exd5 exd5 4. c4 Nf6 5. Nc3 c6 6. Nf3 Bb4 7. Bd3 dxc4 8. Bxc4 O-O 9. O-O h6 10. Re1 Bg4 11. Qd3 Bxf3 12. gxf3 Nd5 13. Kh1 Bxc3 14. bxc3 Qf6 15. Rg1 Nd7 16. Bd2 Rfe8 17. Rg3 N7b6 18. Bb3 Nf4 19. Bxf4 Qxf4 20. Qg6 Kf8 21. Qxg7+ Ke7 22.
Bxf7 Kd6 23. Bxe8 Rxe8 24. Qg6+ Re6 25. Qg4 Qd2 26. c4 Nxc4 27. Rb1 Qxf2 28. Qf4+ Kd5 29. Rg2 Re1+ 30. Rxe1 Qxe1+ 31. Rg1 Qe3 32. Qf7+ Kxd4 33. Qg7+ Kc5 34. Qf8+ Kb6 35. Rb1+ Ka6 36. Qb4 Qxf3+ 37. Kg1 Qg4+ 38. Kh1 Qe4+ 39. Kg1 Qd4+ 40. Kh1 Qd5+ 41. Kg1 b5 42. Qb3 Qg5+ 43. Kh1 Qd5+ 44. Kg1 Kb6 45.
a4 Qd4+ 0-1

[Event "Late-Titled-Tuesday-Blitz-January-30-2024"]
[Site "Chess.com"]
[Date "2024.01.30"]
[Round "2"]
[White "TheNextLevelFan"]
[Black "h4parah5"]
[Result "0-1"]
[WhiteElo "2594"]
[BlackElo "2902"]
[TimeControl "180+1"]
[EndTime "14:18:12 PST"]
[Termination "h4parah5 won by resignation"]

1. e4 c5 2. c3 Nf6 3. e5 Nd5 4. Nf3 d6 5. d4 cxd4 6. cxd4 Nc6 7. Bc4 Nb6 8. Bb5 dxe5 9. Nxe5 Bd7 10. Nxd7 Qxd7 11.
O-O e6 12. Nc3 a6 13. Bxc6 Qxc6 14. Qg4 h5 15. Qh4 Be7 16. Bg5 f6 17. Be3 g5 18.
d5 Nxd5 19. Qe4 f5 20. Qd3 Rd8 21. Nxd5 Rxd5 22. Qb3 Kf7 23. a4 Rc8 24. Rfe1 f4 25. Bb6 Qc4 26. Qf3 g4 27. Qe4 Qxe4 28. Rxe4 e5 29. g3 Rc6 30. a5 Bd6 31. h3 Rd2 32.
gxf4 exf4 33. hxg4 hxg4 34. Bd4 Rc4 35. Bc3 Rxe4 36.
Bxd2 Re2 37. Rd1 Bc5 38. Be1 g3 39. Kf1 Rxb2 40. fxg3 f3 41. Rd3 f2 42. Rf3+ Ke6 43.
Bxf2 Bxf2 44. Rxf2 Rb5 45. Kg2 Rxa5 46. g4 Re5 47.
Kg3 a5 48. Kh4 a4 49. g5 b5 50. Kh5 Kd5 51. Kh6 a3 52. g6 Re8 53. g7 Rg8 54.
Kh7 Rxg7+ 55. Kxg7 b4 56. Kf6 b3 0-1

[Event "Late-Titled-Tuesday-Blitz-January-30-2024"]
[Site "Chess.com"]
[Date "2024.01.30"]
[Round "2"]
[White "Bkmzzzzz"]
[Black "GaiozNigalidze"]
[Result "0-1"]
[WhiteElo "2348"]
[BlackElo "2709"]
[TimeControl "180+1"]
[EndTime "14:18:14 PST"]
[Termination "GaiozNigalidze won by checkmate"]

1. e4 c5 2. Nf3 d6 3. d4 cxd4 4. Qxd4 Nc6 5. Bb5 Bd7 6. Qd3 Nf6 7. Nc3 g6 8. Bg5 Bg7 9. O-O-O a6 10. Bxc6 Bxc6 11. e5 dxe5 12. Qxd8+ Rxd8 13. Rxd8+ Kxd8 14. Nxe5 Kc8 15. f3 Rf8 16. Nxc6 bxc6 17. Re1 h6 18.
Be3 Nd7 19. Na4 Re8 20. Nc5 Nxc5 21. Bxc5 e6 22. c4 Rd8 23. Kc2 g5 24. b3 Bd4 25. Bxd4 Rxd4 26. Rd1 Rh4 27. h3 h5 28. Kc3 g4 29. hxg4 hxg4 30. Rd4 f5 31. fxg4 e5 32. Rd6 Rxg4 33. Rxc6+ Kd7 34. Rxa6 Rg3+ 35. Kb4 e4 36. Rf6 Rg5 37. Kc3 Ke7 38. Rh6 Rxg2 39.
Kd4 Rxa2 40. Ke3 Rb2 41. Kf4 Rf2+ 42. Ke5 e3 43. Rh1 e2 44. Re1 f4 45. Ke4 f3 46.
Ke3 Rf1 47. Kd2 Kd6 48. b4 Ke5 49. b5 Kd4 50. b6 Rxe1 51. Kxe1 Ke3 52. b7 f2# 0-1

[Event "Late-Titled-Tuesday-Blitz-January-30-2024"]
[Site "Chess.com"]
[Date "2024.01.30"]
[Round "2"]
[White "melissa_guez"]
[Black "sjoerd893"]
[Result "0-1"]
[WhiteElo "2250"]
[BlackElo "2509"]
[TimeControl "180+1"]
[EndTime "14:18:14 PST"]
[Termination "sjoerd893 won by resignation"]

1. e4 c5 2. Nf3 Nc6 3. Bb5 g6 4. Bxc6 dxc6 5. d3 Bg7 6. h3 Nf6 7. O-O Nd7 8. Nc3 e5 9. Be3 b6 10. Qd2 h6 11. Ne2 Nf8 12. a4 a5 13. c3 Ne6 14. d4 cxd4 15. cxd4 Ba6 16. d5 cxd5 17. exd5 Bxe2 18. Qxe2 Qxd5 19. Bxb6 O-O 20. Rfe1 Nf4 21. Qe3 Rfb8 22. b4 axb4 23. a5 Qb5 24. Nxe5 Qxe5 25. Qxe5 Bxe5 26. Rxe5 Rxb6 27. axb6 Rxa1+ 28. Kh2 Ra8 29. Re4 Nd5 30. Rd4 Rb8 31. Rxd5 Rxb6 32. Rd2 b3 33.
Rb2 f5 34. Kg3 Kf7 35. Kf4 Ke6 36. Ke3 Kd5 37. Kd3 Kc5 38. Kc3 f4 39. Rd2 f3 40.
g3 g5 41. Kb2 Kc4 42. Rd8 Ra6 43. Rc8+ Kd3 44. Kxb3 Rb6+ 45. Ka4 Ke2 46. Rc2+ Kf1 47. Ka5 Rb1 48. h4 g4 49. Rc4 h5 50. Rc2 Kg2 51.
Rc5 Kxf2 52. Rxh5 Kxg3 53. Rh8 f2 54. Rf8 f1=Q 55. Rxf1 Rxf1 0-1

[Event "Late-Titled-Tuesday-Blitz-January-30-2024"]
[Site "Chess.com"]
[Date "2024.01.30"]
[Round "2"]
[White "rasmussvane"]
[Black "Alexei_Gubajdullin"]
[Result "1-0"]
[WhiteElo "2959"]
[BlackElo "2614"]
[TimeControl "180+1"]
[EndTime "14:18:16 PST"]
[Termination "rasmussvane won by resignation"]

1. Nf3 Nf6 2. g3 g6 3. Bg2 Bg7 4. O-O O-O 5. d4 d6 6. Re1 Nbd7 7. e4 e5 8. Nc3 b6 9. a4 Bb7 10. a5 bxa5 11. dxe5 dxe5 12. Rxa5 Qe7 13. b3 Rfd8 14. Ba3 Qe8 15. Nd2 Nb8 16. Qc1 Nc6 17. Ra4 Nd4 18. Nc4 Bc6 19. Ra5 Ng4 20. h3 Bh6 21. Qb1 Nf6 22. Rxe5 Qd7 23. Nd5 Bxd5 24. exd5 Rab8 25. Be7 Bg7 26. Bxd8 Rxd8 27. Qd1 Nb5 28. Re7 Qf5 29. Ne5 Nc3 30. Qf3 Nfxd5 31. Qxf5 gxf5 32. Nxf7 Rf8 33. Bxd5 Nxd5 34. Rd7 Nb6 35. Rxc7 Rxf7 36. Ree7 Rxe7 37. Rxe7 a5 38. Ra7 Bc3 39. Kf1 Nd5 40. Ke2 h5 41. Kd3 Be1 42. Ke2 Bc3 43. Kd3 Be1 44. c4 Nb4+ 45. Ke2 Bc3 46. Rxa5 Nc2 47.
Ra8+ Kf7 48. Kd3 Be1 49. Kxc2 Bxf2 50. b4 Bxg3 51. b5 f4 52. Kd3 f3 53. b6 f2 54.
Ke2 1-0

[Event "Late-Titled-Tuesday-Blitz-January-30-2024"]
[Site "Chess.com"]
[Date "2024.01.30"]
[Round "2"]
[White "GMRafpig"]
[Black "Actuary44"]
[Result "1-0"]
[WhiteElo "2745"]
[BlackElo "2478"]
[TimeControl "180+1"]
[EndTime "14:18:17 PST"]
[Termination "GMRafpig won on time"]

1. c4 d6 2. g3 e5 3. Nc3 f5 4.
Bg2 Nf6 5. d3 g6 6. Nf3 Bg7 7.
O-O O-O 8. Rb1 Nc6 9. b4 h6 10. b5 Ne7 11. a4 f4 12. Nd2 fxg3 13. hxg3 Rb8 14. Nde4 Bg4 15. Be3 b6 16. Qd2 g5 17.
Nxf6+ Bxf6 18. Nd5 Qd7 19. Nxf6+ Rxf6 20. d4 Ng6 21. c5 Bh3 22. dxe5 Bxg2 23. Kxg2 Nxe5 24.
Qd5+ Qf7 25. Qxf7+ Nxf7 26. cxb6 axb6 27. Rbc1 Rb7 28.
Rc3 Nd8 29. Rfc1 Ne6 30. Rc6 Ra7 31. R1c4 Kf7 32. Bd4 Rg6 33. Be3 Ke7 34. Rb4 Rf6 35. Rc1 Rf8 36. Ra1 Rfa8 37. Rh1 Rxa4 38. Rxa4 Rxa4 39. Rxh6 Rb4 40. f4 gxf4 41. gxf4 Rxb5 42. Kf3 Rf5 43. Kg4 Rf7 44. f5 Ng7 45. f6+ Kd7 46. Rh7 Rxf6 47. Rxg7+ Kc6 48. Bg5 Re6 49. Kf3 d5 50.
Bd8 1-0

[Event "Late-Titled-Tuesday-Blitz-January-30-2024"]
[Site "Chess.com"]
[Date "2024.01.30"]
[Round "2"]
[White "el_sporco"]
[Black "ChessSkool"]
[Result "0-1"]
[WhiteElo "2377"]
[BlackElo "2714"]
[TimeControl "180+1"]
[EndTime "14:18:18 PST"]
[Termination "ChessSkool won by resignation"]

1. e4 c6 2. d4 d5 3. Nd2 dxe4 4. Nxe4 Bf5 5. Ng3 Bg6 6. h4 h6 7. Nf3 e6 8. h5 Bh7 9. Bd3 Bxd3 10. Qxd3 Nf6 11. Bd2 c5 12. O-O-O Nc6 13. Be3 Qa5 14. Kb1 O-O-O 15. Qd2 Qxd2 16. Rxd2 Ng4 17. Rhd1 cxd4 18. Nxd4 Nxe3 19. Nxc6 Rxd2 20. Nxa7+ Kb8 21. Rxd2 Nc4 22.
Rd4 Nd6 23. Ra4 b5 24. Ra5 Nc4 25. Nc6+ Kc7 26. Rxb5 Kxc6 27. a4 Bc5 28. Ne4 Be7 29. Ka1 f5 30. Nc3 Bf6 31. Ka2 Bxc3 32. bxc3 Nb6 33. Kb3 Ra8 34. g4 Nxa4 35. Rb4 Nc5+ 36. Kc4 fxg4 37. Rb5 Ne4 38. Re5 Nd6+ 39. Kd3 Kd7 40.
Re3 Ra4 41. Rg3 Rf4 42. Ke3 e5 43. Kd3 Ke6 44. c4 Nxc4 45. Kc3 Kf5 46. Kb4 Nd2+ 47. Kb5 Ne4 48. Rd3 Rxf2 49. c4 Rb2+ 50. Ka6 g3 51. Rd7 g2 52. Rxg7 Ng5 0-1

[Event "Late-Titled-Tuesday-Blitz-January-30-2024"]
[Site "Chess.com"]
[Date "2024.01.30"]
[Round "2"]
[White "Flawless_Fighter"]
[Black "english_player_89"]
[Result "0-1"]
[WhiteElo "2783"]
[BlackElo "2425"]
[TimeControl "180+1"]
[EndTime "14:18:19 PST"]
[Termination "english_player_89 won by resignation"]

1. e4 e5 2. Nf3 Nc6 3. d4 exd4 4. Nxd4 Bc5 5. Nb3 Bb6 6. Nc3 Nf6 7. Bg5 a5 8. a4 h6 9. Bh4 d6 10. Bd3 Be6 11. Nd5 Bxd5 12. exd5 Ne5 13. Bb5+ c6 14. dxc6 bxc6 15. Be2 O-O 16. O-O d5 17. Nd4 Rb8 18. Bg3 Nfd7 19. Kh1 Re8 20. f4 Bxd4 21. Qxd4 Rb4 22.
Qc3 Nc4 23. Bxc4 Rxc4 24. Qd3 Nc5 25. Qd1 Ne4 26. b3 Rc3 27. Be1 Re3 28. Qd4 Re2 29. Qd3 Qf6 30. Rb1 Qg6 31. Qf3 Nd2 32. Bxd2 Rxd2 33.
f5 Qg5 34. Rf2 Re3 35. Qf4 Qxf4 36. Rxf4 Rxc2 37. h3 Ree2 38. Rg4 Kh7 39. b4 Rb2 40. Rxb2 Rxb2 41. bxa5 c5 42. f6 gxf6 43. Rg3 c4 44.
Re3 Ra2 45. Re7 Kg6 46. Rd7 c3 47. Rxd5 c2 48. Rc5 Ra1+ 49. Kh2 c1=Q 50. Rxc1 Rxc1 0-1

[Event "Late-Titled-Tuesday-Blitz-January-30-2024"]
[Site "Chess.com"]
[Date "2024.01.30"]
[Round "2"]
[White "Horokoskii"]
[Black "Herman-NY"]
[Result "0-1"]
[WhiteElo "2156"]
[BlackElo "2484"]
[TimeControl "180+1"]
[EndTime "14:18:19 PST"]
[Termination "Herman-NY won on time"]

1. d4 Nf6 2. c4 g6 3. Nc3 Bg7 4. e4 d6 5. Be2 O-O 6. Bg5 c5 7. d5 h6 8. Be3 e6 9. h4 exd5 10. exd5 Re8 11. Nf3 Rxe3 12. fxe3 Ng4 13. Qd3 Qe7 14. e4 Nd7 15. Nd2 Nde5 16. Qg3 h5 17.
O-O-O a6 18. Rdf1 Bh6 19. Nd1 b5 20. Kc2 Rb8 21. b3 Bd7 22. Nf3 bxc4 23. Nxe5 cxb3+ 24. axb3 Nxe5 25. Bxh5 c4 26. Rf3 cxb3+ 27. Kb1 Kh8 28.
Bxg6 Nxg6 29. Qe1 Ne5 30. Rg3 Qd8 31. Rf1 a5 32. Qe2 f5 33. Qh5 Qf8 34. exf5 Rc8 35. f6 Rc1+ 36. Kb2 Rc2+ 37. Kb1 Rc1+ 38. Kb2 Rc2+ 39.
Kb1 Bg4 40. Rxg4 Nxg4 41. Qxg4 Rc1+ 42. Kb2 a4 43. Qg6 Rc2+ 44. Kb1 Rc1+ 45. Kb2 Rc2+ 46. Kb1 Qg8 47. Qxg8+ Kxg8 48. f7+ Kf8 49. Nf2 Re2 50. Ng4 Bd2 51. h5 a3 52. Ne3 Bxe3 0-1

[Event "Late-Titled-Tuesday-Blitz-January-30-2024"]
[Site "Chess.com"]
[Date "2024.01.30"]
[Round "2"]
[White "FabianoCaruana"]
[Black "NoHeThTo"]
[Result "1/2-1/2"]
[WhiteElo "3042"]
[BlackElo "2651"]
[TimeControl "180+1"]
[EndTime "14:18:21 PST"]
[Termination "Game drawn by repetition"]

1. d3 Nf6 2. e4 d6 3. Nc3 c5 4.
g3 g6 5. Bg2 Bg7 6. Nge2 Nc6 7.
O-O O-O 8. h3 Nd7 9. f4 Rb8 10.
g4 e6 11. Ng3 Nd4 12. Nce2 f5 13. exf5 exf5 14. g5 b6 15. c3 Nxe2+ 16. Nxe2 Bb7 17.
Be3 Bxg2 18. Kxg2 Qc7 19. Qb3+ Rf7 20. Rae1 Kf8 21. h4 Qc6+ 22. Kg3 Re8 23. Ng1 Rfe7 24. Bf2 Rxe1 25. Rxe1 Rxe1 26. Bxe1 d5 27. Nf3 h5 28. Bf2 Ke7 29. d4 Kd8 30. Qd1 c4 31. b3 cxb3 32. Qxb3 b5 33. Ne5 Bxe5 34. dxe5 a6 35. Qa3 Ke8 36. Be3 Nf8 37. Kf2 Ne6 38. Qb4 Kf7 39. Ke1 Qc4 40. Qd6 Qxc3+ 41. Kf2 Qc2+ 42. Kg3 Qd3 43.
Qd7+ Kf8 44. Qc8+ Kf7 45. Qd7+ Kf8 46. Kf2 d4 47. Qc8+ Kf7 48. Bc1 Qh3 49. Qd7+ Kf8 50. Qxe6 Qh2+ 51. Ke1 Qg1+ 52. Kd2 Qe3+ 53. Kc2 Qc3+ 54.
Kd1 Qf3+ 55. Kd2 Qe3+ 56. Kd1 Qf3+ 57. Ke1 Qh1+ 58. Ke2 Qe4+ 59. Kd1 Qf3+ 1/2-1/2

[Event "Late-Titled-Tuesday-Blitz-January-30-2024"]
[Site "Chess.com"]
[Date "2024.01.30"]
[Round "2"]
[White "Vasily85"]
[Black "Beca95"]
[Result "1/2-1/2"]
[WhiteElo "2443"]
[BlackElo "2965"]
[TimeControl "180+1"]
[EndTime "14:18:22 PST"]
[Termination "Game drawn by repetition"]

1. Nf3 d5 2. d4 Bf5 3. c4 e6 4. Nc3 Nf6 5. Bg5 c6 6. e3 h6 7. Bh4 Nbd7 8. Bd3 Bg4 9. h3 Bxf3 10. Qxf3 Bd6 11. O-O Qb8 12. e4 dxe4 13. Nxe4 Nxe4 14. Bxe4 Qc7 15. Rfe1 O-O 16. Bc2 Rfe8 17. Rad1 Nf8 18. Qg4 Be7 19. Bg3 Bd6 20. Bh4 Be7 21. Bg3 Qd8 22.
d5 exd5 23. cxd5 cxd5 24. Bb3 Bf6 25. Rxe8 Qxe8 26. Bxd5 Rd8 27. Bxb7 Rxd1+ 28. Qxd1 Qb5 29. Bd5 Qxb2 30. Bb3 Qd4 31. Qe2 Qd7 32. Qa6 Ne6 33. Bxe6 fxe6 34. Bb8 Bd4 35. Bg3 Kf7 36. Kh2 Qd5 37.
a4 Bb6 38. Bb8 Bxf2 39. Qc8 Bb6 40. Qc2 Qd7 41. Qe2 Bc7+ 42. Bxc7 Qxc7+ 43. Kh1 Qc5 44. Qf3+ Ke7 45. Qb7+ Kf6 46. Qf3+ Kg6 47. Qg4+ Kf7 48.
Qf3+ Kg8 49. Qa8+ Kh7 50. Qe4+ Qf5 51. Qd4 a5 52. Qb6 Qd5 53. Qb5 Kg6 54. Qb6 Kf5 55.
Qb1+ Kf6 56. Qb2+ Qe5 57. Qf2+ Kg5 58. Qd2+ Kf5 59. Qf2+ Kg6 60. Qc2+ Qf5 61. Qc6 h5 62. Qe8+ Kh7 63. Qd7 Kh6 64. Qe8 e5 65. Qh8+ Kg6 66. Qe8+ Kg5 67. Qd8+ Qf6 68. Qxa5 Qf1+ 69. Kh2 Qf4+ 70.
Kh1 Qd4 71. Qe1 e4 72. a5 e3 73. a6 h4 74. a7 Qxa7 75. Qb4 Qa1+ 76. Kh2 Qe5+ 77.
Kg1 Qf4 78. Qc5+ Kh6 79. Qc6+ g6 80. Qe8 Qf2+ 81. Kh2 e2 82. Qh8+ Kg5 83. Qe5+ Kh6 84. Qh8+ Kg5 85. Qe5+ Kh6 86. Qh8+ 1/2-1/2

[Event "Late-Titled-Tuesday-Blitz-January-30-2024"]
[Site "Chess.com"]
[Date "2024.01.30"]
[Round "2"]
[White "HalfIsCrayfish"]
[Black "Elsa167"]
[Result "0-1"]
[WhiteElo "2584"]
[BlackElo "2867"]
[TimeControl "180+1"]
[EndTime "14:18:23 PST"]
[Termination "Elsa167 won by resignation"]

1. d4 Nf6 2. c4 g6 3. f3 Bg7 4. e4 d6 5. Ne2 O-O 6. Be3 a6 7. Qd2 Nc6 8. Nbc3 Bd7 9. Rc1 Rb8 10.
Nd1 e6 11. g3 b5 12. c5 dxc5 13. Rxc5 Re8 14. Bg2 Bf8 15. Rc1 e5 16. d5 Ne7 17.
O-O c6 18. Bg5 Bg7 19. dxc6 Nxc6 20. Ne3 Nxe4 21. fxe4 Qxg5 22. Qxd7 Qxe3+ 23. Rf2 Nd4 24. Qxf7+ Kh8 25. Rc7 Nxe2+ 26. Kf1 Rg8 27. Rxe2 Qd4 28. Bf3 Rbf8 29. Qb3 Rf6 30. Rf7 Rxf7 31. Qxf7 Rf8 32. Qb3 h5 33. Kg2 Kh7 34. Qe3 Rd8 35. Qxd4 exd4 36.
Rd2 d3 37. b3 Bc3 38. Rd1 Kg7 39. Kf2 Kf6 40. Ke3 d2 41. Ke2 Ke5 42. Rf1 Bb4 43. Rd1 h4 44. gxh4 Rh8 45. h5 gxh5 46. h3 h4 47. Bg4 Kxe4 48. Rf1 Kd4 49. Kd1 Kc3 50.
Rf3+ Kb2 51. a3 Kxa3 52. Rd3 Re8 53. Kc2 Re7 54. Bd1 Rc7+ 0-1